 Dungeon Crawl Stone Soup version 0.26.0-10-g1f06aea511 (webtiles) character file.

Game seed: 11347270436639394903

7420 MajorAdolf the Cleaver (level 11, -23/110 HPs)
             Began as a Naga Wanderer on Jan 16, 2021.
             Was a Follower of Ashenzari.
             Annihilated by a boulder beetle (45 damage)
             ... on level 10 of the Dungeon.
             The game lasted 00:16:50 (15160 turns).

MajorAdolf the Cleaver (Naga Wanderer)             Turns: 15160, Time: 00:16:50

Health: -23/110    AC: 15    Str: 13    XL:     11   Next: 15%
Magic:  14/14      EV: 18    Int: 16    God:    Ashenzari [*.....]
Gold:   690        SH:  4    Dex: 12    Spells: 5/14 levels left

rFire    . . .     SeeInvis +   z - +1 hand axe (flame) (curse)
rCold    + . .     Faith    .   r - +0 buckler (curse)
rNeg     . . .     Spirit   .   e - +2 chain mail {Will+} (curse)
rPois    +         Reflect  .   B - +0 helmet
rElec    .         Harm     .   (no cloak)
rCorr    .         Rampage  .   m - +0 pair of gloves
Will     ++...                  (no barding)
Stlth    ..........             w - amulet of the acrobat
HPRegen  0.28/turn              E - ring of protection from cold
MPRegen  0.14/turn              D - +4 ring of protection

@: acrobat, very slow
A: large, see invisible, deformed body, poison resistance, slowness 2, spit
poison 1, AC +3
a: Spit Poison, Renounce Religion, Curse Item, Scrying


You were on level 10 of the Dungeon.
You worshipped Ashenzari.
Ashenzari was aware of your devotion.
You visited 2 branches of the dungeon, and saw 11 of its levels.

You collected 690 gold pieces.

Inventory:

Hand Weapons
 a - a +2 hand axe
 z - a cursed +1 hand axe of flaming (weapon)
Armour
 d - a +0 robe
 e - a cursed +2 chain mail of willpower (worn)
 m - a +0 pair of gloves (worn)
 r - a cursed +0 buckler (worn)
 B - a +0 helmet (worn)
Jewellery
 h - a cursed amulet of inaccuracy
 k - an uncursed ring of flight
 w - an amulet of the acrobat (around neck)
 D - a +4 ring of protection (right hand)
 E - a ring of protection from cold (left hand)
 H - a cursed ring of teleportation
 I - a cursed amulet of inaccuracy
 K - a +6 ring of intelligence
Wands
 v - a wand of iceblast (3)
Scrolls
 b - 3 scrolls of teleportation
 c - a scroll of random uselessness {unknown}
 g - 4 scrolls of fog {unknown}
 i - 7 scrolls of remove curse
 j - 2 scrolls of enchant weapon {unknown}
 o - a scroll of immolation {unknown}
 q - 2 scrolls of fear {unknown}
 s - 4 scrolls of blinking {unknown}
 y - 3 scrolls of noise {unknown}
 F - 4 scrolls of identify
 G - a scroll of magic mapping {unknown}
 L - a scroll of holy word {unknown}
Potions
 f - 5 potions of attraction
 l - 3 potions of haste
 n - 2 potions of invisibility
 t - 3 potions of brilliance
 u - 4 potions of ambrosia
 x - a potion of magic
 A - 5 potions of degeneration {unknown}
 C - 4 potions of curing {unknown}
 J - 2 potions of might {unknown}


   Skills:
 + Level 10.3 Fighting
 - Level 1.0 Long Blades
 * Level 12.5 Axes
 - Level 3.0 Stealth
 - Level 2.4 Shields
 + Level 2.3 Spellcasting
 + Level 2.7 Conjurations
 + Level 2.8 Fire Magic


You had 5 spell levels left.
You knew the following spells:

 Your Spells              Type           Power        Failure   Level
a - Fireball              Conj/Fire      5%           100%        5
b - Blink                 Tloc           N/A          100%        2
c - Call Imp              Summ           1%           100%        2

Your spell library contained the following spells:

 Spells                   Type           Power        Failure   Level
 Foxfire                  Conj/Fire      40%          94%         1
 Magic Dart               Conj           40%          94%         1
 Slow                     Hex            1%           100%        2
 Conjure Flame            Conj/Fire      10%          100%        3
 Inner Flame              Hex/Fire       6%           100%        3
 Mephitic Cloud           Conj/Pois/Air  4%           100%        3
 Sticky Flame             Conj/Fire      10%          100%        4


Dungeon Overview and Level Annotations

Branches:
Dungeon (10/15)            Temple (1/1) D:7            Lair (0/6) D:8
    Orc: D:9-12

Altars:
Ashenzari
Cheibriados
Dithmenos
Elyvilon
Fedhas
Gozag
Hepliaklqana
Kikubaaqudgha
Makhleb
Nemelex Xobeh
Okawaru
Qazlal
Ru
Sif Muna
Trog
Uskayaw
Vehumet
Wu Jian
Xom
Yredelemnul
Zin
The Shining One

Shops:
D:8 }

Annotations:
D:3 1 runed translucent door, Crazy Yiuf
D:5 3 runed translucent doors, Dracia's ghost, amateur GnWn


Innate Abilities, Weirdness & Mutations

You cannot wear boots.
Your serpentine skin is tough. (AC +3)
You have supernaturally acute eyesight. (SInv)
Armour fits poorly on your strangely shaped body.
Your system is resistant to poisons. (rPois)
You cover ground very slowly.
You can spit poison.


Message History

Unknown command.
Unknown command.
Evoke which item? (* to show all) (? for menu, Esc to quit)
Aiming: Iceblast
Press: ? - help, Shift-Dir - straight line The mass of ice explodes!
The iceblast engulfs the boulder beetle but does no damage.
The boulder beetle is heavily wounded.
A centaur comes into view.
The centaur wields a +0 shortbow.
The centaur shoots an arrow.
The arrow hits you.
* * * LOW HITPOINT WARNING * * *
The boulder beetle bites you.
* * * LOW HITPOINT WARNING * * *
Unknown command.
The centaur shoots an arrow.
You block the arrow.
You see here an arrow.
The boulder beetle curls into a ball and begins rolling!
The boulder beetle hits you!!!
You die...

#......##
#.........#
#.........##+
#............ ..##
#............ ....
####...........
####
#..............
.... #..........#
.... #.........@#
.... #.........B#
.### #.........○#
#........(°#
#................
#........)........
#.....^...........
#.................
#...............c.


You could see a boulder beetle.

Vanquished Creatures
  Gastronok (D:9)
  Psyche (D:9)
  A troll (D:9)
  A wyvern (D:9)
  Edmund (D:5)
  Menkaure (D:7)
  2 water moccasins
  5 orc warriors
  A black bear (D:8)
  4 sky beasts
  2 ice beasts
  2 phantoms
  6 centaurs
  6 ogres
  5 bullfrogs
  4 scorpions
  A wyvern skeleton (D:7)
  A water moccasin skeleton (D:8)
  10 killer bees
  4 wights (D:7)
  2 howler monkeys (D:9)
  A quasit (D:8)
  A bullfrog zombie (D:7)
  5 hounds
  2 jellies
  4 orc wizards
  4 orc priests
  Natasha (thrice) (D:3)
  2 iguanas
  9 worker ants
  A killer bee zombie (D:9)
  A hound zombie (D:9)
  A hound skeleton (D:6)
  3 gnolls (D:7)
  2 howler monkey zombies
  7 adders
  4 white imps
  2 ufetubi
  2 adder zombies
  3 adder skeletons
  A dart slug (D:1)
  4 leopard geckos
  42 orcs
  10 bats
  8 giant cockroaches
  7 goblins
  6 hobgoblins
  6 jackals
  5 quokkas
  2 ball pythons
  2 frilled lizards
  A jackal skeleton (D:5)
  10 kobolds
  A leopard gecko skeleton (D:5)
  2 quokka skeletons
  4 rats
229 creatures vanquished.

Notes
Turn   | Place    | Note
-------+----------+-------------------------------------------
     0 | D:1      | MajorAdolf the Naga Wanderer began the quest for the Orb.
     0 | D:1      | MajorAdolf set off with the following items: a +2 hand axe,
                  | a scroll of teleportation, a potion of lignification, a +0
                  | robe, a +0 dagger
     0 | D:1      | Reached XP level 1. HP: 22/22 MP: 1/1
   129 | D:1      | Reached XP level 2. HP: 21/30 MP: 2/2
  1151 | D:1      | Reached XP level 3. HP: 36/37 MP: 3/3
  1435 | D:2      | Noticed a scorpion
  1445 | D:2      | Killed a scorpion
  1446 | D:2      | Reached skill level 4 in Axes
  1446 | D:2      | Reached XP level 4. HP: 13/45 MP: 4/4
  1880 | D:2      | Reached skill level 5 in Fighting
  2409 | D:3      | Found a shimmering altar of Xom.
  2514 | D:3      | Reached XP level 5. HP: 7/52 MP: 5/5
  2862 | D:3      | Noticed Natasha
  2866 | D:3      | Killed Natasha
  3134 | D:3      | Noticed Natasha
  3160 | D:3      | Killed Natasha
  3512 | D:3      | Reached skill level 5 in Axes
  3530 | D:3      | Reached XP level 6. HP: 31/62 MP: 6/6
  3810 | D:3      | Found a runed translucent door.
  3811 | D:3      | Noticed Crazy Yiuf
  3882 | D:3      | Noticed Natasha
  3891 | D:3      | Killed Natasha
  5557 | D:5      | Entered Level 5 of the Dungeon
  5582 | D:5      | Noticed a sky beast
  5602 | D:5      | Killed a sky beast
  5603 | D:5      | Reached skill level 6 in Axes
  5603 | D:5      | Reached XP level 7. HP: 41/70 MP: 7/7
  5846 | D:5      | Got a jewelled ring mail
  5857 | D:5      | Identified the +0 ring mail "Igrilee" {Str+3} (You found it
                  | on level 5 of the Dungeon)
  5952 | D:5      | Noticed Edmund
  5988 | D:5      | Killed Edmund
  6673 | D:5      | Reached skill level 7 in Axes
  6918 | D:5      | Reached XP level 8. HP: 61/80 MP: 8/8
  7521 | D:5      | Reached skill level 8 in Axes
  7536 | D:5      | Found a runed translucent gate.
  7536 | D:5      | Found a runed translucent gate.
  7537 | D:5      | Found a runed translucent gate.
  7538 | D:5      | Noticed Dracia's ghost (amateur GnWn)
  7792 | D:6      | Reached skill level 1 in Shields
  8937 | D:7      | HP: 4/81 [wyvern skeleton (10)]
  9257 | D:7      | Reached XP level 9. HP: 83/88 MP: 9/9
  9460 | D:7      | Reached skill level 9 in Axes
  9982 | D:7      | Found a staircase to the Ecumenical Temple.
 10047 | Temple   | Entered the Ecumenical Temple
 10288 | Temple   | Became a worshipper of Ashenzari the Shackled
 10319 | D:7      | Noticed Menkaure
 10327 | D:7      | Killed Menkaure
 10601 | D:7      | Reached skill level 10 in Axes
 11169 | D:8      | Found Jaseeleb's Gadget Shoppe.
 11259 | D:8      | Found a staircase to the Lair.
 11561 | D:8      | Reached XP level 10. HP: 99/99 MP: 10/10
 11564 | D:8      | Reached skill level 11 in Axes
 12922 | D:9      | Noticed Gastronok
 13282 | D:9      | Noticed Psyche
 13303 | D:9      | Killed Psyche
 13315 | D:9      | Learned a level 5 spell: Fireball
 13318 | D:9      | Learned a level 2 spell: Blink
 13321 | D:9      | Learned a level 2 spell: Call Imp
 13387 | D:9      | Reached skill level 12 in Axes
 13440 | D:9      | Reached skill level 10 in Fighting
 13915 | D:9      | Reached * piety under Ashenzari
 14001 | D:9      | Killed Gastronok
 14002 | D:9      | Reached XP level 11. HP: 88/109 MP: 10/14
 14168 | D:10     | Entered Level 10 of the Dungeon
 15125 | D:10     | Noticed a boulder beetle
 15160 | D:10     | Annihilated by a boulder beetle

Illustrated notes

Levels and vault maps discovered:
D:1:      minmay_arrival_plants_in_alcoves, layout_loops_ring,
          minmay_hexomino_f4
D:2:      layout_basic
D:3:      layout_loops_ring, general_overflow_altar, uniq_natasha,
          uniq_crazy_yiuf_cottage
D:4:      layout_basic
D:5:      layout_rooms, gammafunk_ghost_necromancy, hangedman_decor_growths,
          uniq_edmund
D:6:      layout_gridville
D:7:      minmay_razor_zed, layout_rooms, minmay_temple_entry_trees,
          uniq_menkaure
D:8:      cheibrodos_helix_gallery, layout_loops_ring, dpeg_oklobed_lair,
          serial_shops, shop
D:9:      layout_loops_ring, special_room [special_room_orc], uniq_psyche,
          uniq_gastronok
D:10:     layout_irregular_city
Temple:   compressed_dpeg_triangle_lava_temple

Skill      XL: |  1  2  3  4  5  6  7  8  9 10 |
---------------+-------------------------------+-----
Axes           | 4 5 6 7 8 10 12 | 12.5
Fighting       | 5 6 7 9 10 | 10.3
Shields        | 2 |  2.4
Spellcasting   | 2 |  2.3
Conjurations   | 2 |  2.7
Fire Magic     | 2 |  2.8
Long Blades    | |  1.0
Stealth        | |  3.0

Action                   |  1- 3 |  4- 6 |  7- 9 | 10-12 || total
-------------------------+-------+-------+-------+-------++-------
Melee: Hand axe          |    64 |   188 |   501 |   340 ||  1093
Invok: Curse Item        |       |       |     3 |       ||     3
 Abil: Spit Poison       |     3 |    15 |    12 |    14 ||    44
Evoke: Wand              |       |       |     4 |    20 ||    24
  Use: Potion            |       |     1 |     4 |     2 ||     7
       Scroll            |       |     8 |     2 |     1 ||    11
 Stab: Sleeping          |     5 |       |     1 |       ||     6
Armor: Robe              |     9 |     2 |       |       ||    11
       Scale mail        |       |    98 |       |       ||    98
       Skin              |       |     3 |    27 |    17 ||    47
       Chain mail        |       |       |   290 |   178 ||   468
       Ring mail         |       |       |    13 |       ||    13
Dodge: Dodged            |    32 |    60 |   104 |    78 ||   274
Block: Buckler           |       |       |    60 |    60 ||   120
